Match 24115958
Unlisted

Match 24115958
End
Construct Barracks
Riflemen Squad
M1 Mortar Team
Riflemen Squad
Grenade Package
Riflemen Squad
Mechanized Support Center
Riflemen Squad
Construct Motor Pool
M8 Greyhound Armored Car
Construct Medical Station
M8 Greyhound Armored Car
Rapid Repairs
M1 Anti-tank Gun Team
Designate Forward Repair Station
Selects Special Operations Battlegroup
Selects M29 Weasel Recon Vehicle
Selects P-47 Anti-Infantry Loiter
P-47 Anti-Infantry Loiter
Construct Tank Depot
午睡红茶
MrToxic
Kreasy
Hand115
UH|dun! ツ
UH|BluEskY
insane
iceman
0
0

Comments sign in to comment!

No comments posted yet!